 Dungeon Crawl Stone Soup version 0.19-a0-916-g8ae7e35 (webtiles) character file.

114 zxkuqyb the Cutter (level 5, 0/34 HPs)
             Began as a Kobold Berserker on July 5, 2016.
             Was a Believer of Trog.
             Slain by an orc wizard
             ... wielding a +0 dagger
              (1 damage)
             ... on level 4 of the Dungeon.
             The game lasted 00:08:09 (2022 turns).

zxkuqyb the Cutter (Kobold Berserker)               Turns: 2022, Time: 00:08:10

Health: 0/34       AC:  3    Str: 16    XL:     5   Next: 18%
Magic:  5/5        EV: 16    Int:  5    God:    Trog [**....]
Gold:   124        SH:  0    Dex: 16    Spells: 0 memorised, 4 levels left

rFire  . . .     SeeInvis .     a - +0 short sword
rCold  . . .     Gourm    .     b - +0 animal skin
rNeg   . . .     Faith    .     (shield restricted)
rPois  .         Spirit   .     g - +0 helmet
rElec  .         Dismiss  .     (no cloak)
rCorr  .         Reflect  .     (no gloves)
SustAt .         Harm     .     (no boots)
MR     .....                    (no amulet)
Stlth  ++........               (no ring)
                                (no ring)

@: not resistant to hostile enchantments, unstealthy
A: carnivore 3
a: Berserk, Trog's Hand, Burn Spellbooks, Renounce Religion


You were on level 4 of the Dungeon.
You worshipped Trog.
Trog was pleased with you.
You were completely stuffed.

You visited 1 branch of the dungeon, and saw 4 of its levels.

You collected 124 gold pieces.

Inventory:

Hand Weapons
 a - a +0 short sword (weapon)
Missiles
 d - 75 stones (quivered)
 t - 11 poisoned needles
Armour
 b - a +0 animal skin (worn)
 g - a +0 helmet (worn)
 q - a +0 helmet
Wands
 r - a wand of confusion (31/48)
Scrolls
 f - a scroll of remove curse {unknown}
 h - 2 scrolls of enchant weapon {unknown}
 i - a scroll of teleportation {unknown}
 m - a scroll of fear {unknown}
 o - 2 scrolls of identify {unknown}
 p - a scroll of magic mapping {unknown}
 s - a scroll of recharging {unknown}
Potions
 e - a potion of ambrosia {unknown}
 j - a potion of agility {unknown}
 k - a potion of invisibility {unknown}
 l - a potion of degeneration {unknown}
 n - a potion of curing {unknown}
 u - a potion of flight {unknown}
Comestibles
 c - a meat ration


   Skills:
 + Level 4.5 Fighting
 + Level 4.9 Short Blades
 - Level 1.5 Armour
 + Level 3.2 Dodging
 + Level 2.6 Stealth


You had 4 spell levels left.
You didn't know any spells.

Dungeon Overview and Level Annotations

Branches:
Dungeon (4/15)
 Temple: D:4-7

Altars:

Annotations:
D:2 1 exclusion


Innate Abilities, Weirdness & Mutations

You are small and have problems with some larger weapons.
You are carnivorous and can eat meat at any time.


Message History

Trog accepts your kill. Something hits you. Something barely misses you.
There is a stone staircase leading down here.
You see here a giant cockroach corpse.
A magic dart appears from out of thin air!
The magic dart hits you!
* * * LOW HITPOINT WARNING * * *
Something hits you.
* * * LOW HITPOINT WARNING * * *
There is a stone staircase leading down here.
You see here a giant cockroach corpse.
Something hits you but does no damage.
You climb downwards.
Found 18 gold pieces.
Found a stone staircase leading down.
There is a stone staircase leading up here.
You start resting.
Something hits you.
* * * LOW HITPOINT WARNING * * *
You closely miss something. Something hits you.
You die...

############
#...@.......
.....####..$...
... ..... #
###>


There were no monsters in sight!

Vanquished Creatures
  An orc priest (D:3)
  3 adders
  2 worms
  A giant gecko (D:2)
  3 orcs (D:3)
  4 giant cockroaches
  5 goblins
  6 hobgoblins
  9 kobolds
  A quokka (D:3)
  A ball python (D:1)
  5 bats
  4 rats
45 creatures vanquished.

Notes
Turn   | Place    | Note
-------+----------+-------------------------------------------
     0 | D:1      | zxkuqyb the Kobold Berserker began the quest for the Orb.
     0 | D:1      | Reached XP level 1. HP: 14/14 MP: 1/1
   125 | D:1      | Reached XP level 2. HP: 19/20 MP: 2/2
   502 | D:2      | Reached skill level 1 in Stealth
   502 | D:2      | Reached XP level 3. HP: 19/24 MP: 3/3
   623 | D:2      | Reached ** piety under Trog
  1261 | D:2      | Reached XP level 4. HP: 28/29 MP: 4/4
  1739 | D:3      | Reached XP level 5. HP: 22/34 MP: 5/5
  2018 | D:3      | HP: 1/34 [something (3)]
  2022 | D:4      | Slain by an orc wizard

Vault maps used:
D:1:      tarquinn_simple_flora_water_f, serial_corexii_hall,
          corexii_hall_statues_s, corexii_hall_statues_l
D:2:      first_bread

Skill      XL: |  1  2  3  4 |
---------------+-------------+-----
Stealth        | 1 2 |  2.6
Fighting       | 4 |  4.5
Dodging        | 3 |  3.2
Short Blades   | |  4.9
Armour         | |  1.5

Action                   |  1- 3 |  4- 6 || total
-------------------------+-------+-------++-------
Melee: Short sword       |   103 |    81 ||   184
Invok: Trog's Hand       |       |     1 ||     1
 Stab: Sleeping          |     2 |       ||     2
  Eat: Chunk             |     7 |     5 ||    12
Armor: Animal skin       |    20 |    14 ||    34
Dodge: Dodged            |    86 |    99 ||   185
